AoeStats
← BSV | Gabriel

Arabia

505132684Analyzed
1v1 RM · 24d ago on Sep 8, 2026· 68m 58s· 2 players
Game mode
Random Map
Map size
Tiny (2 player)
Population
200
Speed
Normal
Resources
Standard
Victory
Conquest
Starting age
Dark Age
Ending age
Imperial Age
RankedLock teamsTeams togetherTeam positionsShared explorationLock speedFull tech treeHidden civsTurbo modeCheats
Victory
Defeat
🇻🇪 Huns · Venezuela
1213
+15
🇧🇷 Khmer · Brazil
1182
-15
jresenes
4:24 Loom
10:37 Feudal Age
14:53 Castle Age
15:12 Double-Bit Axe
17:38 Light Cavalry
19:02 Horse Collar
29:04 Gold Mining
32:55 Heavy Plow
36:37 Imperial Age
35:26 Bloodlines
35:16 Husbandry
38:13 Conscription
40:09 Scale Barding Armor
40:33 Cavalier
43:06 Chain Barding Armor
44:08 Ballistics
45:09 Plate Barding Armor
47:10 Bow Saw
52:24 Fortified Wall
53:32 Crop Rotation
52:59 Stone Mining
61:51 Crossbowman
63:27 Fletching
64:45 Bodkin Arrow
66:49 Bodkin Arrow
BSV | Gabriel
7:05 Loom
9:03 Feudal Age
9:50 Double-Bit Axe
17:38 Wheelbarrow
18:31 Town Watch
23:43 Castle Age
24:02 Crossbowman
25:54 Light Cavalry
28:05 Bloodlines
28:30 Horse Collar
31:29 Bow Saw
32:15 Stone Mining
32:44 Heavy Plow
33:04 Husbandry
33:26 Scale Barding Armor
33:39 Gold Mining
34:42 Chain Barding Armor
37:24 Hand Cart
40:18 Imperial Age
38:43 Forging
40:26 Cavalier
43:00 Chemistry
43:46 Pikeman
44:32 Scale Mail Armor
44:38 Capped Ram
45:55 Chain Mail Armor
45:02 Halberdier
46:47 Iron Casting
46:00 Arson
46:19 Squires
51:04 Ballistics
59:28 Arson
65:08 Thumb Ring
67:54 Padded Archer Armor
67:24 Siege Ram
68:28 Elite Skirmisher
Connection lost

Rejoining the realm…

Still unreachable

The connection could not be restored.

Session expired

The server has moved on; the page needs a fresh start.